 Dungeon Crawl Stone Soup version 0.26.0-15-gc6cd9f700b (webtiles) character file.

Game seed: 8678041959338394883

665 runemasterragnar the Fighter (level 7, -1/81 HPs)
             Began as an Ogre Chaos Knight on Jan 16, 2021.
             Was a Plaything of Xom.
             Succumbed to a water moccasin's poison
             ... while paralysed
             ... on level 5 of the Dungeon.
             The game lasted 00:04:14 (4147 turns).

runemasterragnar the Fighter (Ogre Chaos Knight)    Turns: 4147, Time: 00:04:14

Health: -1/81      AC:  7    Str: 19    XL:     7   Next: 57%
Magic:  7/7        EV:  1    Int: 13    God:    Xom [..*...]
Gold:   178        SH:  0    Dex:  8    Spells: 6/6 levels left

rFire    + . .     SeeInvis .   a - +1 hand axe (chaos)
rCold    + . .     Faith    .   (no shield)
rNeg     . . .     Spirit   .   l - +2 robe {rC+ rF+}
rPois    .         Reflect  .   (helmet restricted)
rElec    .         Harm     .   (no cloak)
rCorr    .         Rampage  .   (gloves unavailable)
Will     .....                  (boots unavailable)
Stlth    +.........             f - amulet of regeneration
HPRegen  0.63/turn              (no ring)
MPRegen  0.10/turn              (no ring)

@: paralysed, lethally poisoned (-1 -> -27), berserk cooldown, slowed
A: large, unfitting armour, large bone plates 1, yellow scales 1, deterioration
1, tough skin 1, sturdy frame 1
a: Renounce Religion


You were on level 5 of the Dungeon.
You worshipped Xom.
You were a toy of Xom.
You visited 1 branch of the dungeon, and saw 5 of its levels.

You collected 178 gold pieces.

Inventory:

Hand Weapons
 a - a +1 hand axe of chaos (weapon)
 o - a +0 battleaxe
 r - a +2 hunting sling of flaming
Armour
 b - a +2 robe
 l - a +2 robe of resistance (worn)
Jewellery
 f - an amulet of regeneration (around neck)
 v - an uncursed amulet of the acrobat
Scrolls
 c - 4 scrolls of teleportation
 h - 4 scrolls of remove curse
 j - a scroll of enchant armour
 p - a scroll of fog
 q - a scroll of magic mapping
Potions
 d - a potion of resistance
 i - 2 potions of curing
 t - a potion of brilliance {unknown}
 u - a potion of flight {unknown}


   Skills:
 * Level 8.5 Fighting
 + Level 4.9 Axes
 + Level 4.1 Dodging


You had 6 spell levels left.
You didn't know any spells.
Your spell library contained the following spells:

 Spells                   Type           Power        Failure   Level
 Sting                    Tmut/Pois      0%           30%         1
 Poisonous Vapours        Pois/Air       0%           43%         2
 Ignite Poison            Fire/Tmut/Pois 0%           67%         3
 Mephitic Cloud           Conj/Pois/Air  0%           67%         3
 Olgreb's Toxic Radiance  Pois           0%           97%         4


Dungeon Overview and Level Annotations

Branches:
Dungeon (5/15)
 Temple: D:4-7

Altars:
Elyvilon
Gozag
Trog
Wu Jian
The Shining One

Annotations:
D:5 3 runed translucent doors, Anias's ghost, novice OpDe; Gingerlord's ghost, weakling BaDe; petra's ghost, weakling HODe


Innate Abilities, Weirdness & Mutations

You are too large for most types of armour.
You have tough skin. (AC +1)
You are partially covered in large bone plates. (SH +4)
You are partially covered in yellow scales. (AC +2)
Your body sometimes deteriorates upon taking damage.
Your movements are slightly less encumbered by armour. (ER -2)


Message History

* * * LOW HITPOINT WARNING * * *
You feel sick. Something bites you!
* * * LOW HITPOINT WARNING * * *
You are more poisoned.
Something poisons you!
You slash something! You burn something.
Reactivating autopickup.
You feel a bit more experienced.
* * * LOW HITPOINT WARNING * * *
You feel very sick.
* * * LOW HITPOINT WARNING * * *
You feel sick.
You feel a strong urge to attack something.
You are no longer berserk.
You pass out from exhaustion.
You feel yourself slow down.
* * * LOW HITPOINT WARNING * * *
You feel very sick.
You die...
Xom cackles wildly!

### ..##
...########
*******
..........#
*,,,,,,
.......#..#
*,*****
..........########
*,*
................@#
*,*
..#....##.######.#
*,* ###.#.###.#
#.# *,* ##.#.###.#
#.# *,* #..).....#
#.# ****,*****
#.##'##### ##.#
*,,,,,,,,,
#§#...## #..#
*,,,,,,,,,
#§#....## #.##
*,,,,,,,,,
*∩#.....## ##.##
*,,,,,,,,,


There were no monsters in sight!

Vanquished Creatures
  A water moccasin (D:5)
  2 ogres
  A hound (D:5)
  An orc priest (D:4)
  An orc wizard (D:5)
  An iguana (D:5)
  Natasha (twice) (D:2)
  3 worker ants (D:4)
  A worker ant zombie (D:5)
  3 adders
  A shadow imp (D:5)
  An ufetubus (D:5)
  2 worms
  5 leopard geckos
  7 orcs
  5 giant cockroaches
  4 goblins
  9 hobgoblins
  6 jackals
  3 kobolds
  2 quokkas
  10 bats
  10 frilled lizards
  5 rats
86 creatures vanquished.

Vanquished Creatures (collateral kills)
  An orc wizard (D:4)
  2 orcs (D:4)
3 creatures vanquished.

Vanquished Creatures (others)
  Natasha (D:2)
1 creature vanquished.

Grand Total: 90 creatures vanquished

Notes
Turn   | Place    | Note
-------+----------+-------------------------------------------
     0 | D:1      | runemasterragnar the Ogre Chaos Knight began the quest for
                  | the Orb.
     0 | D:1      | Reached XP level 1. HP: 24/24 MP: 1/1
    38 | D:1      | XOM: silly message
   297 | D:1      | XOM: silly message
   577 | D:1      | Reached XP level 2. HP: 33/33 MP: 2/2
   618 | D:1      | XOM: silly message
   878 | D:1      | XOM: divination: detect creatures
   925 | D:1      | XOM: silly message
  1135 | D:2      | XOM is BORED!
  1159 | D:2      | Found a bloodstained altar of Trog.
  1178 | D:2      | Reached XP level 3. HP: 40/41 MP: 3/3
  1235 | D:2      | Noticed Natasha
  1243 | D:2      | XOM: smoke on damage
  1248 | D:2      | Killed Natasha
  1249 | D:2      | Reached skill level 5 in Fighting
  1330 | D:2      | Noticed Natasha
  1489 | D:2      | XOM: 1-stop teleportation journey
  1539 | D:2      | Killed Natasha
  1540 | D:2      | Reached XP level 4. HP: 27/50 MP: 4/4
  1602 | D:2      | XOM: 1-stop teleportation journey
  1647 | D:2      | Noticed Natasha
  1650 | D:2      | Killed Natasha
  1650 | D:2      | XOM: divine lightning
  1795 | D:2      | Found a glowing golden altar of the Shining One.
  1855 | D:2      | Gained mutation: You are clumsy. (Dex -2) [potion of
                  | mutation]
  1855 | D:2      | Gained mutation: You have a pair of small horns on your
                  | head. [potion of mutation]
  1855 | D:2      | Gained mutation: You are surrounded by a mild repulsion
                  | field. (EV +2) [potion of mutation]
  1856 | D:2      | Lost mutation: You are clumsy. (Dex -2) [potion of
                  | mutation]
  1856 | D:2      | Lost mutation: You have a pair of small horns on your head.
                  | [potion of mutation]
  1856 | D:2      | Lost mutation: You are surrounded by a mild repulsion
                  | field. (EV +2) [potion of mutation]
  1856 | D:2      | Gained mutation: Your body sometimes deteriorates upon
                  | taking damage. [potion of mutation]
  1856 | D:2      | Gained mutation: You are partially covered in yellow
                  | scales. (AC +2) [potion of mutation]
  1856 | D:2      | Gained mutation: You are partially covered in large bone
                  | plates. (SH +4) [potion of mutation]
  2212 | D:3      | XOM: swap monsters
  2215 | D:3      | Reached XP level 5. HP: 55/59 MP: 5/5
  2230 | D:3      | Reached skill level 6 in Fighting
  2688 | D:3      | XOM: cloud trail
  2694 | D:3      | XOM: give mutation
  2694 | D:3      | Gained mutation: Your movements are slightly less
                  | encumbered by armour. (ER -2) [Xom's grace]
  2820 | D:4      | Found an opulent altar of Gozag.
  2885 | D:4      | Noticed an ogre
  2892 | D:4      | XOM: butterfly on damage
  2898 | D:4      | Killed an ogre
  3105 | D:4      | Reached XP level 6. HP: 68/68 MP: 6/6
  3106 | D:4      | XOM: summons friendly shadow imp
  3118 | D:4      | Reached skill level 7 in Fighting
  3213 | D:4      | Found an ornate altar of the Wu Jian Council.
  3518 | D:4      | Noticed a shapeshifter
  3518 | D:4      | a worker ant changed into a shapeshifter
  3518 | D:4      | Noticed a tarantella
  3518 | D:4      | a shapeshifter changed into a tarantella
  3519 | D:4      | Noticed a queen bee
  3519 | D:4      | a tarantella changed into a queen bee
  3527 | D:4      | Noticed a salamander
  3527 | D:4      | a queen bee changed into a salamander
  3529 | D:5      | Entered Level 5 of the Dungeon
  3636 | D:5      | Reached XP level 7. HP: 59/79 MP: 7/7
  3717 | D:5      | XOM: enchant monster (good)
  3764 | D:5      | Found a white marble altar of Elyvilon.
  3838 | D:5      | Found a runed translucent gate.
  3838 | D:5      | Noticed Gingerlord's ghost (weakling BaDe)
  3838 | D:5      | Noticed petra's ghost (weakling HODe)
  3838 | D:5      | Noticed Anias's ghost (novice OpDe)
  3839 | D:5      | Found a runed translucent gate.
  3839 | D:5      | Found a runed translucent gate.
  4022 | D:5      | Reached skill level 8 in Fighting
  4145 | D:5      | HP: 6/121 [poisoned by a water moccasin]
  4146 | D:5      | HP: 1/81 [poisoned by a water moccasin]
  4147 | D:5      | Succumbed to a water moccasin's poison

Illustrated notes

Levels and vault maps discovered:
D:1:      sevenhm_arrival_forest_fort_small_5, layout_basic
D:2:      layout_rooms, overflow_temple_1_default, tso_altar, uniq_natasha
D:3:      kennysheep_big_flooded_room, layout_basic, chequers_avenue
D:4:      layout_cave_pods, grunt_gozag_breadcrumbs, kennysheep_mini,
          overflow_temple_1_default, temple_hall
D:5:      layout_loops_corners, overflow_temple_1_default,
          nzn_hepliaklqana_mist_gate, gammafunk_ghost_cemetery, serial_shops,
          shop

Skill      XL: |  1  2  3  4  5  6  7 |
---------------+----------------------+-----
Fighting       | 5 6 7 8 |  8.5
Dodging        | 3 4 |  4.1
Axes           | 4 |  4.9

Action                   |  1- 3 |  4- 6 |  7- 9 || total
-------------------------+-------+-------+-------++-------
Melee: Hand axe          |    48 |   160 |    73 ||   281
       Battleaxe         |    32 |       |       ||    32
  Use: Potion            |     3 |     2 |     1 ||     6
       Scroll            |     2 |     1 |    11 ||    14
 Stab: Petrified         |       |     4 |     2 ||     6
       Petrifying        |       |     2 |     1 ||     3
       Sleeping          |       |     1 |       ||     1
       Paralysed         |       |       |     2 ||     2
Armor: Robe              |    34 |    59 |    26 ||   119
Dodge: Dodged            |    51 |    80 |    41 ||   172
Block: Other             |       |    26 |    10 ||    36
